 Dungeon Crawl Stone Soup version 0.18.1-1-g2f07953 (webtiles) character file.

224 namelastname112 the Conjurer (level 5, -4/85 HPs)
             Began as a Draconian Conjurer on May 7, 2016.
             Was a Follower of Vehumet.
             Slain by nikopol's ghost (10 damage)
             ... in an ossuary.
             The game lasted 00:07:04 (2503 turns).

namelastname112 the Conjurer (Draconian Conjurer)   Turns: 2503, Time: 00:07:05

Health: -4/85      AC: 22    Str: 15      XL:     5   Next: 67%
Magic:  6/10       EV:  2    Int: 16      God:    Vehumet [*.....]
Gold:   174        SH:  0    Dex:  7 (12) Spells: 3 memorised, 3 levels left

rFire  + . .     SeeInvis .     (no weapon)
rCold  + + .     Gourm    .     (armour unavailable)
rNeg   + + +     Faith    .     (no shield)
rPois  +         Spirit   .     (helmet currently unavailable)
rElec  +         Dismiss  .     (cloak currently unavailable)
rCorr  +         Reflect  .     (gloves currently unavailable)
SustAt .         Harm     .     (boots currently unavailable)
MR     +....     NoTele   +     (no amulet)
Stlth  ..........               f - ring of protection from magic
                                k - ring of protection from cold

@: berserking (expiring), tree-form, resistant, very slightly contaminated,
hasted, very quick, somewhat resistant to hostile enchantments, extremely
unstealthy
A: unfitting armour, (cold-blooded), AC +5
a: Renounce Religion


You were in an ossuary.
You worshipped Vehumet.
Vehumet was aware of your devotion.
You were very hungry.
You were a tree.
You visited 1 branch of the dungeon, and saw 7 of its levels.
You also visited: Ossuary.

You collected 174 gold pieces.

Inventory:

Hand Weapons
 e - a +0 short sword
Armour
 u - a +1 pair of boots (melded)
Jewellery
 f - a ring of protection from magic (right branch)
 k - a ring of protection from cold (left branch)
 o - an uncursed ring of fire
 w - an uncursed amulet of guardian spirit {unknown}
Scrolls
 c - a scroll of enchant armour
 p - a scroll of amnesia {unknown}
 s - 2 scrolls of recharging
Potions
 g - a potion of might
 m - a potion of cancellation
Books
 a - a book of Conjurations

   Spells                             Type                      Level
   a - Magic Dart                     Conjuration                  1
   b - Searing Ray                    Conjuration                  2
   c - Dazzling Spray                 Conjuration/Hexes            3
   d - Fulminant Prism                Conjuration/Hexes            4
   e - Iskenderun's Mystic Blast      Conjuration                  4
   f - Iskenderun's Battlesphere      Conjuration/Charms           5
Comestibles
 b - 2 bread rations
 d - 2 chunks of flesh
 q - 2 meat rations


   Skills:
 - Level 1.7 Dodging
 - Level 1.7 Stealth
 + Level 3.8 Spellcasting
 + Level 5.9 Conjurations
 + Level 0.1 Charms


You had 3 spell levels left.
You knew the following spells:

 Your Spells              Type           Power        Failure   Level  Hunger
a - Iskenderun's Battles  Conj/Chrm      ##......     96%         5    ######.
x - Searing Ray           Conj           ###...       2%          2    ##.....
z - Magic Dart            Conj           ###.         1%          1    None


Dungeon Overview and Level Annotations

Branches:
Dungeon (7/15)             Temple (0/1) D:6

Altars:
Ashenzari
Nemelex Xobeh
Vehumet

Annotations:
D:3 ThereIsNoGod's ghost, amateur GrFi
D:7 Eygon's ghost, novice HOGl Ossuary nikopol's ghost, novice HOBe


Innate Abilities, Weirdness & Mutations

((Your plain brown scales are hard (AC +5).))
Your body does not fit into most forms of armour.
((You are cold-blooded and may be slowed by cold attacks.))


Message History

You smack nikopol's ghost!
Nikopol's ghost is moderately damaged.
You are feeling very hungry.
Nikopol's ghost hits you!!
* * * LOW HITPOINT WARNING * * *
The kobold zombie hits you but does no damage.
The orc zombie hits you.
* * * LOW HITPOINT WARNING * * *
The kobold zombie hits you but does no damage.
You take 22 damage, and have 5/85 hp.
MASSIVE DAMAGE!!
You hit nikopol's ghost but do no damage.
Nikopol's ghost is moderately damaged.
Nikopol's ghost hits you but does no damage.
The kobold zombie hits you but does no damage.
The orc zombie hits you but does no damage.
You hit nikopol's ghost.
Nikopol's ghost is moderately damaged.
The kobold zombie hits you but does no damage.
Nikopol's ghost hits you!
You die...

#...# ....# #...#
#...# ....# #...#
#...# .....# #...#
#...# #Z..# #...#
#...# #...# #...#
#...# #...#
#...##############...#
#.....W♣Z........Z...#
#.....Z.Z.∩∩.....Z...#
######################


You could see nikopol's ghost, 2 kobold zombies and an orc zombie.

Vanquished Creatures
  A howler monkey (D:4)
  A quasit (D:7)
  5 adders
  2 oozes
  2 worms
  A dart slug (D:2)
  5 giant geckos
  6 orcs (D:4)
  4 bats
  5 giant cockroaches
  10 goblins
  3 hobgoblins
  9 jackals
  A quokka (D:4)
  5 giant newts
  6 hobgoblin zombies (Ossuary)
  6 kobolds
  A kobold zombie (Ossuary)
  An orc zombie (Ossuary)
  4 rats
78 creatures vanquished.

Vanquished Creatures (others)
  A centaur (D:6)
1 creature vanquished.

Grand Total: 79 creatures vanquished

Notes
Turn   | Place    | Note
--------------------------------------------------------------
     0 | D:1      | namelastname112 the Draconian Conjurer began the quest for the Orb.
     0 | D:1      | Reached XP level 1. HP: 14/14 MP: 3/3
   292 | D:1      | Reached XP level 2. HP: 19/20 MP: 1/5
   625 | D:2      | Learned a level 2 spell: Searing Ray
   671 | D:2      | Reached XP level 3. HP: 26/26 MP: 3/6
   849 | D:2      | Found a shattered altar of Ashenzari.
   949 | D:2      | Found a radiant altar of Vehumet.
  1169 | D:2      | Reached XP level 4. HP: 33/33 MP: 1/8
  1294 | D:3      | Reached skill level 5 in Conjurations
  1599 | D:3      | Noticed ThereIsNoGod's ghost (amateur GrFi)
  1613 | D:2      | Found a sparkling altar of Nemelex Xobeh.
  1624 | D:2      | Became a worshipper of Vehumet
  1988 | D:4      | You fall through a shaft for 3 floors!
  1988 | D:7      | Noticed an ice beast
  2000 | D:7      | Noticed Eygon's ghost (novice HOGl)
  2048 | D:7      | Reached XP level 5. HP: 17/38 MP: 2/10
  2091 | D:6      | Noticed a phantom
  2113 | D:6      | Killed a centaur
  2206 | D:6      | Found a staircase to the Ecumenical Temple.
  2214 | D:5      | Entered Level 5 of the Dungeon
  2217 | D:5      | Noticed a centaur
  2320 | D:4      | Found a sand-covered staircase.
  2326 | Ossuary  | Entered an ossuary
  2333 | Ossuary  | Learned a level 5 spell: Iskenderun's Battlesphere
  2358 | Ossuary  | Noticed nikopol's ghost (novice HOBe)
  2422 | Ossuary  | Reached * piety under Vehumet
  2422 | Ossuary  | Offered knowledge of Freeze by Vehumet.
  2503 | Ossuary  | Slain by nikopol's ghost

Skill      XL: |  1  2  3  4 |
---------------+-------------+-----
Spellcasting   | 3 |  3.8
Conjurations   | 5 |  5.9
Dodging        | |  1.7
Stealth        | |  1.7
Charms         | |  0.1

Action                   |  1- 3 |  4- 6 || total
-------------------------+-------+-------++-------
Melee: Short sword       |    71 |    64 ||   135
       Tailslap          |     4 |     2 ||     6
       Unarmed           |     1 |    11 ||    12
 Cast: Magic Dart        |    46 |    62 ||   108
       Searing Ray       |       |     8 ||     8
  Use: Scroll            |       |     9 ||     9
       Potion            |       |     8 ||     8
  Eat: Chunk             |     1 |     4 ||     5
Armor: Skin              |    32 |   127 ||   159
Dodge: Dodged            |    61 |   183 ||   244
